 Dungeon Crawl Stone Soup version 0.21.1-1-g345015fe64 (webtiles) character file.

2820 Htamos the Fighter (level 10, -4/93 HPs)
             Began as a Formicid Gladiator on July 15, 2018.
             Was an Initiate of Ashenzari.
             Slain by a two-headed ogre
             ... wielding a +0 giant club
              (13 damage)
             ... on level 8 of the Dungeon.
             The game lasted 00:22:30 (10122 turns).

Htamos the Fighter (Formicid Gladiator)            Turns: 10122, Time: 00:22:31

Health: -4/93      AC: 19    Str: 26    XL:     10   Next: 3%
Magic:  10/10      EV:  9    Int:  7    God:    Ashenzari [......]
Gold:   478        SH:  8    Dex: 12    Spells: 9/9 levels left

rFire    + . .     SeeInvis +   A - -3 mace (curse)
rCold    + . .     Gourm    .   m - +0 shield
rNeg     + . .     Faith    .   x - +6 ring mail of Entitlement {rF+ rC+ Regen+ Str+3}
rPois    .         Spirit   .   (helmet unavailable)
rElec    .         Reflect  .   p - +2 cloak
rCorr    +         Harm     .   q - +2 pair of gloves
MR       +....                  B - +1 pair of boots
Stlth    +.........             (no amulet)
HPRegen  0.65/turn              o - ring of resist corrosion
MPRegen  0.12/turn              K - ring of positive energy

@: no status effects
A: permanent stasis, dig shafts and tunnels, four strong arms, antennae 3
a: Dig, Shaft Self, Curse Item, Renounce Religion


You were on level 8 of the Dungeon.
You worshipped Ashenzari.
Ashenzari was noncommittal.
You were not hungry.

You visited 2 branches of the dungeon, and saw 10 of its levels.

You collected 478 gold pieces.

Inventory:

Hand Weapons
 a - a +0 flail
 h - a +0 dagger of venom
 A - a cursed -3 mace (weapon)
 D - a +5 flail
 F - a +2 dagger of venom
 G - a +0 short sword of flaming
Missiles
 c - 4 throwing nets (quivered)
Armour
 b - a +0 leather armour
 g - a +2 scale mail of poison resistance
 i - a +0 chain mail
 m - a +0 shield (worn)
 p - a +2 cloak (worn)
 q - a +2 pair of gloves (worn)
 x - the +6 ring mail of Entitlement (worn) {rF+ rC+ Regen+ Str+3}
   (You found it on level 6 of the Dungeon)

   It affects your strength (+3).
   It protects you from fire.
   It protects you from cold.
   It increases your rate of regeneration.
 B - a +1 pair of boots (worn)
 I - a scarf of repulsion
Jewellery
 e - a cursed -3 ring of dexterity
 f - an uncursed amulet of guardian spirit
 k - an uncursed amulet of harm
 o - a ring of resist corrosion (left hand)
 t - a cursed ring of loudness
 K - a ring of positive energy (right hand)
 M - an uncursed amulet of faith
Wands
 u - a wand of clouds (11)
 H - a wand of flame (20)
Scrolls
 j - 3 scrolls of identify
 l - 2 scrolls of fog
 w - a scroll of blinking
Potions
 n - a potion of resistance {unknown}
 r - 2 potions of lignification
 s - a potion of haste {unknown}
 z - 2 potions of flight
 C - 3 potions of agility {unknown}
 E - a potion of magic {unknown}
Books
 y - a book of Callings

   Spells                             Type                      Level
   a - Summon Small Mammal            Summoning                    1
   b - Call Imp                       Summoning                    2
   c - Call Canine Familiar           Summoning                    3
   d - Summon Guardian Golem          Hexes/Summoning              3
   e - Summon Lightning Spire         Summoning/Air                4
   f - Summon Ice Beast               Ice/Summoning                4
 L - a book of Party Tricks

   Spells                             Type                      Level
   a - Summon Butterflies             Summoning                    1
   b - Apportation                    Translocation                1
   c - Lesser Beckoning               Translocation                3
   d - Tukima's Dance                 Hexes                        3
   e - Alistair's Intoxication        Transmutation/Poison         5
   f - Invisibility                   Hexes                        6
Miscellaneous
 v - a lightning rod (4/4)
Comestibles
 d - 10 rations


   Skills:
 + Level 13.8 Fighting
 - Level 3.0 Maces & Flails
 - Level 2.0 Throwing
 - Level 2.6 Dodging


You had 9 spell levels left.
You didn't know any spells.

Dungeon Overview and Level Annotations

Branches:
Dungeon (9/15)             Temple (1/1) D:5
   Lair: D:8-11         Orc: D:9-12

Altars:
Ashenzari
Cheibriados
Dithmenos
Elyvilon
Fedhas
Gozag
Hepliaklqana
Kikubaaqudgha
Makhleb
Nemelex Xobeh
Okawaru
Qazlal
Ru
Sif Muna
Trog
Uskayaw
Vehumet
Wu Jian
Xom
Yredelemnul
Zin
The Shining One

Shops:
D:4 }   D:8 (

Annotations:
D:9 Erica


Innate Abilities, Weirdness & Mutations

You cannot be hasted, slowed, berserked, paralysed or teleported.
You can dig through walls and to a lower floor.
Your four strong arms can wield two-handed weapons with a shield.
You have a pair of large antennae on your head. (SInv)


Message History

* * * LOW HITPOINT WARNING * * *
You feel much better.
You feel less wooden.
Your +2 cloak unmelds from your body.
Your +2 pair of gloves unmelds from your body.
Your +1 pair of boots unmelds from your body.
The +6 ring mail of Entitlement {rF+ rC+ Regen+ Str+3} unmelds from your body.
The two-headed ogre hits you with a giant club!
* * * LOW HITPOINT WARNING * * *
The two-headed ogre hits you but does no damage.
You hit the two-headed ogre but do no damage.
The two-headed ogre is almost dead.
The two-headed ogre hits you with a giant club!
* * * LOW HITPOINT WARNING * * *
The two-headed ogre hits you with a giant club.
* * * LOW HITPOINT WARNING * * *
You barely miss the two-headed ogre.
The two-headed ogre is almost dead.
The two-headed ogre hits you with a giant club!
You die...

#####+###'####.##...###...###
#......#..####.##...###...###
#.....)#.....#......#........
#......'.....'......#........
#......#.....#......#........
#......#...8##......##.(.##.#
#......#....##......##...####
#......#.8.O.8............#..
#......#....@.............#..
#......#...8..............'..
#......###..##......##...##..
#......#...###......##...##..
#......#............#....#...
#......#............#....+...
#......#............+....#...
#......#............###'###..
#......#............#.....#..


You could see a two-headed ogre.

Vanquished Creatures
  Grinder (D:4)
  Sigmund (D:4)
  The ghost of cokecookie the Magician, an amateur DEWz (D:3)
  A phantom (D:6)
  Duvessa (D:6)
  3 sky beasts
  A black bear (D:5)
  2 ogres
  2 centaurs
  A big kobold (D:7)
  2 bullfrogs (D:7)
  A gnoll sergeant (D:5)
  Dowan (D:6)
  A howler monkey (D:4)
  5 crimson imps
  A bullfrog zombie (D:6)
  A hound (D:5)
  3 jellies
  Crazy Yiuf (D:4)
  An orc priest (D:7)
  2 orc wizards (D:5)
  An iron imp (D:7)
  An iguana (D:7)
  Terence (D:2)
  5 worker ants
  A killer bee zombie (D:9)
  Robin (D:2)
  A hound skeleton (D:6)
  4 worker ant zombies
  11 gnolls
  19 adders
  A shadow imp (D:9)
  An ooze (D:5)
  2 adder skeletons (D:5)
  A worm (D:5)
  2 dart slugs
  3 leopard geckos
  15 orcs
  A ball python (D:3)
  4 giant cockroaches
  22 goblins
  12 hobgoblins
  12 jackals
  7 kobolds
  10 bats
  A frilled lizard (D:5)
  A leopard gecko skeleton (D:4)
  7 rats
180 creatures vanquished.

Notes
Turn   | Place    | Note
-------+----------+-------------------------------------------
     0 | D:1      | Htamos the Formicid Gladiator began the quest for the Orb.
     0 | D:1      | Reached XP level 1. HP: 16/16 MP: 1/1
   421 | D:1      | Reached XP level 2. HP: 20/23 MP: 2/2
   511 | D:1      | Reached skill level 3 in Fighting
   766 | D:1      | Reached XP level 3. HP: 26/29 MP: 3/3
  1203 | D:1      | Reached skill level 4 in Fighting
  1722 | D:2      | Noticed Terence
  1750 | D:2      | Killed Terence
  1750 | D:2      | Reached XP level 4. HP: 16/38 MP: 4/4
  2010 | D:2      | Reached skill level 5 in Fighting
  2062 | D:2      | Reached XP level 5. HP: 37/44 MP: 5/5
  2101 | D:2      | Noticed Robin
  2106 | D:2      | Killed Robin
  2796 | D:3      | Reached skill level 6 in Fighting
  2870 | D:3      | Found a sparkling altar of Nemelex Xobeh.
  2894 | D:3      | Found a sparkling altar of Nemelex Xobeh.
  2949 | D:3      | Reached XP level 6. HP: 53/53 MP: 6/6
  2993 | D:3      | Noticed cokecookie's ghost (amateur DEWz)
  3041 | D:3      | Killed cokecookie's ghost
  3041 | D:3      | Reached skill level 7 in Fighting
  3657 | D:4      | Noticed an ogre
  3673 | D:4      | Killed an ogre
  3673 | D:4      | Reached XP level 7. HP: 49/61 MP: 7/7
  3768 | D:4      | Reached skill level 8 in Fighting
  3942 | D:4      | Found a glowing silver altar of Zin.
  3965 | D:4      | Noticed Grinder
  4006 | D:4      | Killed Grinder
  4006 | D:4      | Reached skill level 9 in Fighting
  4006 | D:4      | Reached XP level 8. HP: 37/71 MP: 8/8
  4290 | D:4      | Noticed Sigmund
  4304 | D:4      | Killed Sigmund
  4358 | D:4      | Reached skill level 10 in Fighting
  4412 | D:4      | Found a runed door.
  4494 | D:4      | Found Pevogg's Gadget Emporium.
  4846 | D:4      | Noticed Crazy Yiuf
  4864 | D:4      | Killed Crazy Yiuf
  4925 | D:5      | Entered Level 5 of the Dungeon
  5724 | D:5      | Found a staircase to the Ecumenical Temple.
  5729 | Temple   | Entered the Ecumenical Temple
  6405 | D:5      | Reached skill level 11 in Fighting
  6830 | D:5      | Reached XP level 9. HP: 62/81 MP: 9/9
  7328 | D:6      | Got a dazzling ring mail
  7339 | D:6      | Identified the +6 ring mail of Entitlement {rF+ rC+ Regen+ Str+3} (You found it on level 6 of the Dungeon)
  7401 | D:6      | Reached skill level 12 in Fighting
  7538 | D:6      | Noticed Dowan
  7541 | D:6      | Noticed Duvessa
  7570 | D:6      | Killed Duvessa
  7574 | D:6      | Killed Dowan
  8280 | D:7      | Found a hide-covered altar of Uskayaw.
  8280 | D:7      | Found a shattered altar of Ashenzari.
  8281 | D:7      | Found a radiant altar of Vehumet.
  8283 | D:7      | Found a deep blue altar of Sif Muna.
  8284 | D:7      | Found a white marble altar of Elyvilon.
  8299 | D:7      | Became a worshipper of Ashenzari the Shackled
  8303 | D:7      | Found a hide-covered altar of Uskayaw.
  8329 | D:7      | Reached skill level 13 in Fighting
  8353 | D:7      | Found an iron altar of Okawaru.
  8479 | D:7      | Found a sacrificial altar of Ru.
  8650 | D:7      | Found a snail-covered altar of Cheibriados.
  9292 | D:8      | Found Tamoe's Antique Weapon Emporium.
  9310 | D:8      | Identified the +3 quarterstaff "Vikhuna" {freeze, +Fly rF+}
  9595 | D:9      | Noticed a two-headed ogre
  9857 | D:8      | Reached XP level 10. HP: 90/93 MP: 10/10
 10088 | D:9      | Noticed Erica
 10122 | D:8      | Slain by a two-headed ogre

Skill      XL: |  1  2  3  4  5  6  7  8  9 |
---------------+----------------------------+-----
Fighting       | 3 4 5 6 7 9 11 13 | 13.8
Maces & Flails | |  3.0
Throwing       | |  2.0
Dodging        | |  2.6

Action                   |  1- 3 |  4- 6 |  7- 9 | 10-12 || total
-------------------------+-------+-------+-------+-------++-------
Melee: Flail             |    10 |    29 |       |       ||    39
       Dagger            |   104 |   225 |   126 |       ||   455
       Mace              |       |       |   580 |    94 ||   674
  Use: Potion            |     4 |       |     6 |     2 ||    12
       Scroll            |     1 |     5 |     8 |       ||    14
 Stab: Invisible         |       |       |     3 |       ||     3
  Eat: Chunk             |     3 |     6 |    19 |       ||    28
       Ration            |       |       |     1 |       ||     1
Armor: Leather armour    |    38 |       |       |       ||    38
       Scale mail        |       |   138 |   219 |       ||   357
       Ring mail         |       |       |   160 |    41 ||   201
       Skin              |       |       |    13 |    17 ||    30
Dodge: Dodged            |    92 |   115 |   270 |    36 ||   513
Block: Shield            |       |    66 |   307 |    38 ||   411
